 Dungeon Crawl Stone Soup version 0.30-a0-1085-g990a428a5c (webtiles) character file.

Game seed: 17969034766892548021

136215 FlurksSlurper the Carver (level 16, -22/126 HPs)
             Began as a Demonspawn Brigand on Apr 16, 2023.
             Was an Initiate of Gozag.
             Blown up by an orb spider (50 damage)
             ... with an orb of destruction
             ... led by a torpor snail
             ... on level 3 of the Spider Nest.
             The game lasted 01:30:24 (29662 turns).

FlurksSlurper the Carver (Demonspawn Brigand)      Turns: 29662, Time: 01:30:24

Health: -22/126    AC: 34    Str: 12 (13) XL:     16   Next: 66%
Magic:  23/23      EV:  5    Int: 16      God:    Gozag
Gold:   2025       SH: 18    Dex: 18 (19) Spells: 24/25 levels left

rFire   + + +      SeeInvis +    U - +6 broad axe "Ecento" {spect, Stlth+}
rCold   + + +      Faith    .    P - +2 shield of Resistance {rF++ rC++ Will++}
rNeg    . . .      Spirit   .    C - +1 plate armour {rF+}
rPois   +          Reflect  +    l - +2 helmet {SInv}
rElec   .          Rampage  .    Y - scarf of the Spheres {harm, rPois rC+ Str+4 Stlth-}
rCorr   .          Clarity  +    t - +0 pair of gloves of Vlad {rF++ Str-3 Slay+2}
Will    ++++.      Harm     + .  (boots unavailable) Stlth
                                 O - amulet of reflection
HPRegen 0.41/turn                E - +4 ring of slaying
MPRegen 0.36/turn                A - +4 ring of protection

@: gold aura, sanguine armoured, slowed, studying Transmutations, very slow
A: hooves 3, ignite blood 2, torment resistance 1, magic regeneration, sanguine
armour 2, demonic willpower, claws 1, clarity
a: Renounce Religion, Potion Petition, Call Merchant, Bribe Branch


You were on level 3 of the Spider Nest.
You worshipped Gozag.
Gozag was most pleased with you.
You visited 5 branches of the dungeon, and saw 22 of its levels.
You also visited: Ossuary, Bailey, Ice Cave and Volcano.

You collected 8554 gold pieces.
You spent 4569 gold pieces at shops.
You paid 1960 gold pieces to Gozag.

Inventory:

Hand Weapons
 a - a +1 scimitar of flaming
 b - the +11 rapier of the Shallot {pain, rN++}
   (You found it in an ice cave)

   rN:        It greatly protects you from negative energy.
 j - the +8 frozen axe "Frostbite" {freeze, freezing cloud, *Noise Fly rC+}
   (You found it in an ice cave)

   rC:        It protects you from cold.
   Fly:       It grants you flight.
   *Noise:    It may make noises in combat.
 U - the +6 broad axe "Ecento" (weapon) {spect, Stlth+}
   (You bought it in a shop on level 2 of the Orcish Mines)

   Stlth:     It makes you more stealthy.
Missiles
 g - 20 poisoned darts (quivered)
 p - a curare-tipped dart
 J - a throwing net
 T - 8 atropa-tipped darts
 V - 3 boomerangs of dispersal
Armour
 l - a +2 helmet of see invisible (worn)
 m - a +1 pair of gloves of infusion
 t - the +0 pair of gloves of Vlad (worn) {rF++ Str-3 Slay+2}
   (You bought it in a shop on level 2 of the Lair of Beasts)

   Str:       It affects your strength (-3).
   Slay:      It affects your accuracy & damage with ranged weapons and melee
   (+2).
   rF:        It greatly protects you from fire.
 C - a +1 plate armour of fire resistance (worn)
 P - the +2 shield of Resistance (worn) {rF++ rC++ Will++}
   (You bought it in a shop on level 2 of the Orcish Mines)

   rF:        It greatly protects you from fire.
   rC:        It greatly protects you from cold.
   Will:      It greatly increases your willpower.
 Y - the scarf of the Spheres (worn) {harm, rPois rC+ Str+4 Stlth-}
   (You acquired it on level 1 of the Lair of Beasts)

   Str:       It affects your strength (+4).
   rC:        It protects you from cold.
   rPois:     It protects you from poison.
   Stlth:     It makes you less stealthy.
Magical Staves
 D - a staff of death
Jewellery
 e - a +6 ring of dexterity
 A - a +4 ring of protection (right hand)
 E - a +4 ring of slaying (left hand)
 O - an amulet of reflection (around neck)
Wands
 f - a wand of roots (7)
 s - a wand of charming (4)
 G - a wand of flame (19)
 H - a wand of polymorph (5)
 N - a wand of mindburst (2)
 S - a wand of digging (6)
Scrolls
 h - 4 scrolls of identify
 o - 11 scrolls of fear
 q - 2 scrolls of enchant weapon
 r - 15 scrolls of teleportation
 x - a scroll of summoning
 y - 4 scrolls of blinking
 K - a scroll of magic mapping
 L - 2 scrolls of fog
Potions
 c - a potion of invisibility
 i - 5 potions of curing
 k - 3 potions of heal wounds
 u - a potion of flight
 v - 4 potions of might
 w - 6 potions of haste
 z - a potion of magic
 B - a potion of resistance
 F - 4 potions of cancellation
 R - 3 potions of berserk rage
 W - a potion of ambrosia
Miscellaneous
 d - a phantom mirror
 n - a condenser vane


   Skills:
 + Level 11.5 Fighting
 + Level 3.0(9.0) Short Blades
 + Level 13.2(13.3) Long Blades
 + Level 9.4 Axes
 + Level 8.7 Throwing
 + Level 11.1 Armour
 + Level 6.0 Dodging
 + Level 5.7 Stealth
 + Level 8.5 Shields
 + Level 5.0 Spellcasting
 + Level 4.4 Summonings
 * Level 3.2 Necromancy
 + Level 6.5 Transmutations
 + Level 5.0 Poison Magic
 + Level 3.1 Evocations


You had 24 spell levels left.
You knew the following spells:

 Your Spells              Type           Power      Damage    Failure   Level
a - Summon Small Mammal   Summ           72%        N/A       99%         1

Your spell library contained the following spells:

 Spells                   Type           Power      Damage    Failure   Level
 Beastly Appendage        Tmut           48%        N/A       86%         1
 Wereblood                Tmut           24%        N/A       95%         2
 Cigotuvi's Dreadful Rot  Necr/Pois/Air  24%        N/A       100%        2
 Static Discharge         Conj/Air       8%         2-3/arc   100%        2
 Ignite Poison            Fire/Tmut/Pois 16%        N/A       100%        3
 Portal Projectile        Hex/Tloc       8%         N/A       100%        3
 Spider Form              Tmut/Pois      22%        N/A       100%        3
 Stone Arrow              Conj/Erth      8%         3d7       100%        3
 Tukima's Dance           Hex            4%         N/A       100%        3
 Airstrike                Air            2%         2d(1-17)  100%        4
 Anguish                  Hex/Necr       4%         N/A       100%        4
 Animate Armour           Summ/Erth      22%        N/A       100%        4
 Cause Fear               Hex            2%         N/A       100%        4
 Dispel Undead            Necr           14%        3d10      100%        4
 Sticky Flame             Conj/Fire      4%         2d3       100%        4
 Summon Ice Beast         Ice/Summ       11%        N/A       100%        4
 Summon Lightning Spire   Summ/Air       11%        N/A       100%        4
 Alistair's Intoxication  Tmut/Pois      14%        N/A       100%        5
 Blade Hands              Tmut           12%        N/A       100%        5
 Borgnjor's Vile Clutch   Necr/Erth      4%         N/A       100%        5
 Freezing Cloud           Conj/Ice/Air   2%         6-21      100%        5
 Summon Forest            Summ/Tloc      5%         N/A       100%        5
 Summon Mana Viper        Hex/Summ       11%        N/A       100%        5
 Death Channel            Necr           7%         N/A       100%        6
 Eringya's Noxious Bog    Tmut/Pois      11%        N/A       100%        6
 Enfeeble                 Hex            2%         N/A       100%        7
 Monstrous Menagerie      Summ           9%         N/A       100%        7
 Storm Form               Tmut/Air       7%         N/A       100%        7
 Ignition                 Fire           2%         3d3       100%        8
 Lehudib's Crystal Spear  Conj/Erth      2%         10d2      100%        8
 Maxwell's Capacitive Co  Air            2%         ∞         100%        8
 Polar Vortex             Ice            2%         N/A       100%        9


Dungeon Overview and Level Annotations

Branches:
Dungeon (11/15)            Temple (1/1) D:7            Lair (5/5) D:10
  Swamp (0/4) Lair:3       Spider (3/4) Lair:2        Slime (0/5) Lair:4
    Orc (2/2) D:11            Elf (0/3) Orc:2       Ossuary (visited)
 Bailey (visited)           IceCv (visited)         Volcano (visited)

Altars:
Ashenzari
Cheibriados
Dithmenos
Fedhas
Gozag
Hepliaklqana
Kikubaaqudgha
Nemelex Xobeh
Okawaru
Qazlal
Ru
Sif Muna
Uskayaw
Vehumet
Wu Jian
Xom
Yredelemnul
Jiyva

Shops:
D:1 ?   D:4 !   D:5 (   D:9 (   Orc:2 [*[([   Lair:1 (   Lair:2 [   Spider:1 =

Annotations:
D:9 2 transporters, Azuvok's ghost, novice MiFi
D:11 2 transporters
Lair:2 exclusion: oklob plant


Innate Abilities, Weirdness & Mutations

You have hooves in place of feet.
Your demonic aura often causes spilled blood to erupt in flames.
You are resistant to unholy torment.
You regenerate magic rapidly.
When seriously injured, your blood forms thick armour. (AC +9)
You punish those that try to bend your will. (Will+)
You have sharp fingernails.
You possess an exceptional clarity of mind.


Message History

The torpor snail bites you but does no damage.
The wolf spider hits you but does no damage.
The wolf spider bites you but does no damage.
You feel sick. The jumping spider pounces on you!
* * * LOW HITPOINT WARNING * * *
The jumping spider bites you but does no damage.
The wolf spider is engulfed in blazing flames.
The wolf spider hits you but does no damage.
You block the wolf spider's attack. You block the jumping spider's attack.
The jumping spider bites you but does no damage.
The orb spider spins a strand of pure energy.
The wolf spider is engulfed in blazing flames.
The wolf spider hits you.
* * * LOW HITPOINT WARNING * * *
You block the wolf spider's attack.
The jumping spider pounces on you but does no damage.
The jumping spider bites you but does no damage.
You feel better.
The wolf spider is engulfed in blazing flames.
You block the wolf spider's attack. The wolf spider bites you.
* * * LOW HITPOINT WARNING * * *
You are lethally poisoned!
The wolf spider poisons you!
You block the jumping spider's attack. x2
The wolf spider is engulfed in blazing flames.
You kill the wolf spider!
The jumping spider pounces on you but does no damage.
You block the jumping spider's attack.
The torpor snail bites you but does no damage.
* * * LOW HITPOINT WARNING * * *
You feel extremely sick.
The jumping spider pounces on you but does no damage.
You block the jumping spider's attack.
The orb spider weaves a glowing orb of energy.
You block the jumping spider's attack. The jumping spider barely misses you.
An orb of destruction comes into view.
There is a stone staircase leading up here.
You feel better.
You block the jumping spider's attack. x2
The orb spider pulsates with a strange energy.
The orb of destruction hits you!!!
You die...

#..........
#..........
##.......... .
##.:.........
...
#..s☼........
#..#..○.........
#.....○s○.......
#..@w...☼..#
##§.§.....##
#.......##
##.☼...##
#######


You could see a torpor snail, an orb spider (charged) and a jumping spider.

Vanquished Creatures
  Arachne (Spider:2)
  A lich (IceCv)
  Gastronok (D:10)
  Agnes (Spider:2)
  Kirke (Lair:4)
  An emperor scorpion (Spider:2)
  2 ghost moths
  An orc warlord (Bailey)
  2 stone giants
  A spark wasp (Spider:2)
  2 ettins
  Fannar (D:11)
  2 entropy weavers (Spider:2)
  6 caustic shrike simulacra (IceCv)
  Erolcha (D:10)
  9 hydras
  2 ogre magi (Orc:2)
  A jorogumo (Spider:2)
  A centaur warrior (D:9)
  8 two-headed ogres
  2 radroaches
  Erica (D:11)
  An anaconda (Lair:3)
  8 boulder beetles
  A tengu warrior (D:9)
  6 death yaks (Lair:1)
  Urug (Lair:4)
  A skyshark (Lair:5)
  A goliath frog (Lair:5)
  2 deep trolls (Orc:2)
  A bog body (IceCv)
  An orb spider (Spider:1)
  An obsidian statue (IceCv)
  A spriggan simulacrum (IceCv)
  Pikel (D:6)
  4 orc knights
  A necromancer (IceCv)
  3 orc sorcerers
  7 wolf spiders
  A steelbarb worm (Spider:2)
  A manticore (D:11)
  A moth of wrath (Spider:2)
  2 cyclopes
  5 demonic crawlers
  10 elephants
  2 black mambas
  A gargoyle (D:9)
  3 torpor snails
  22 cane toads
  4 rime drakes
  An efreet (Volcano)
  6 komodo dragons
  5 anaconda simulacra (IceCv)
  14 freezing wraiths
  An ice devil (IceCv)
  2 golden dragon simulacra (IceCv)
  9 trolls
  2 tyrant leeches (Lair:5)
  A hornet (D:10)
  3 meliai (Spider:2)
  6 tarantellas
  30 blink frogs
  A shadow (D:10)
  6 wyverns
  21 jumping spiders
  4 culicivoras
  2 fire elementals (Volcano)
  29 yaks
  2 basilisks
  A hog (Lair:4)
  4 dire elephant simulacra (IceCv)
  5 fire bats (Volcano)
  37 redbacks
  13 steam dragons
  2 minotaur simulacra (IceCv)
  9 vampire mosquitoes
  3 wargs (D:10)
  5 harpy simulacra (IceCv)
  2 acid dragons
  Duvessa (D:4)
  15 water moccasins
  A hydra simulacrum (IceCv)
  3 sky beasts
  A swamp drake (Lair:3)
  32 orc warriors
  5 black bears
  4 alligator simulacra (IceCv)
  2 ettin simulacra (IceCv)
  26 ogres
  A wolf (Lair:3)
  6 centaurs
  3 lemures (D:6)
  2 kobold brigands
  11 bullfrogs
  An earth elemental (Volcano)
  15 scorpions
  2 deep troll simulacra (IceCv)
  9 wights (D:8)
  Dowan (D:4)
  4 killer bees (D:8)
  A lindwurm simulacrum (IceCv)
  5 howler monkeys (D:9)
  2 electric eels
  10 lava snakes (Volcano)
  A centaur zombie (Ossuary)
  5 human zombies (Ossuary)
  5 hounds
  4 jellies
  11 orc priests
  A gnoll bouda (D:7)
  Jessica (D:3)
  7 iguanas
  Terence (D:2)
  7 scorpion zombies (Ossuary)
  22 orc wizards
  3 mummies (Ossuary)
  27 gnolls
  3 adders
  2 white imps (D:7)
  2 ufetubi
  2 worms
  3 dart slugs
  72 orcs
  3 endoplasms
  3 giant cockroaches
  2 gnoll zombies (Ossuary)
  15 goblins
  13 hobgoblins
  5 jackals
  15 kobolds
  A quokka (D:1)
  7 ball pythons
  5 bats
  3 frilled lizards
  2 hobgoblin zombies (Ossuary)
  A kobold zombie (Ossuary)
  2 orc zombies (Ossuary)
  3 rats (D:1)
  2 spectral weapons (Orc:1)
791 creatures vanquished.

Vanquished Creatures (collateral kills)
  A rime drake (Lair:2)
  A steam dragon (Lair:2)
  An orc (Bailey)
  A hobgoblin (Bailey)
4 creatures vanquished.

Vanquished Creatures (others)
  3 rime drakes (Lair:2)
  A human (Lair:4)
  3 steam dragons (Lair:2)
  A bush (Lair:5)
  24 fungi
  81 plants
  14 spectral weapons
127 creatures vanquished.

Grand Total: 922 creatures vanquished

Notes
Turn   | Place    | Note
-------+----------+-------------------------------------------
     0 | D:1      | FlurksSlurper the Demonspawn Brigand began the quest for
                  | the Orb.
     0 | D:1      | Reached XP level 1. HP: 16/16 MP: 1/1
   116 | D:1      | Gained mutation: You regenerate magic rapidly. [demonic
                  | ancestry]
   116 | D:1      | Reached XP level 2. HP: 19/22 MP: 2/2
   284 | D:1      | Found Nital's Magic Scroll Shoppe.
   287 | D:1      | Bought a scroll of identify for 22 gold pieces
   665 | D:2      | Noticed Terence
   685 | D:2      | Killed Terence
   686 | D:2      | Reached skill level 1 in Dodging
   686 | D:2      | Gained mutation: Your demonic aura sometimes causes spilled
                  | blood to erupt in flames. [demonic ancestry]
   686 | D:2      | Reached XP level 3. HP: 13/27 MP: 3/3
   922 | D:2      | Found a hazy altar of Hepliaklqana.
  1118 | D:2      | Gained mutation: Your demonic aura often causes spilled
                  | blood to erupt in flames. [demonic ancestry]
  1118 | D:2      | Reached XP level 4. HP: 33/33 MP: 4/4
  1369 | D:1      | Bought a scroll of teleportation for 33 gold pieces
  1501 | D:3      | Noticed Jessica
  1529 | D:3      | Killed Jessica
  1910 | D:3      | Found a faded altar of an unknown god.
  2338 | D:4      | Noticed Dowan
  2338 | D:4      | Noticed Duvessa
  2504 | D:4      | Gained mutation: You occasionally shout uncontrollably at
                  | your foes. [potion of mutation]
  2504 | D:4      | Gained mutation: You have hidden genetic potential. [potion
                  | of mutation]
  2504 | D:4      | Lost mutation: You occasionally shout uncontrollably at
                  | your foes. [potion of mutation]
  2510 | D:4      | Reached skill level 1 in Long Blades
  2536 | D:4      | Killed Dowan
  2537 | D:4      | Reached XP level 5. HP: 23/39 MP: 5/5
  2544 | D:4      | Killed Duvessa
  2545 | D:4      | Reached skill level 2 in Long Blades
  2545 | D:4      | Gained mutation: You have large cloven feet. [demonic
                  | ancestry]
  2545 | D:4      | Reached XP level 6. HP: 16/46 MP: 6/6
  2546 | D:4      | Gained mutation: You have sharp fingernails. [hidden
                  | potential]
  2677 | D:4      | Reached skill level 1 in Evocations
  2737 | D:4      | Found Wofas's Distillery.
  2786 | D:4      | Noticed an orc warrior
  2792 | D:4      | Killed an orc warrior
  2802 | D:4      | Found a sand-covered staircase.
  2836 | D:4      | Reached skill level 3 in Long Blades
  2866 | Ossuary  | Entered an ossuary
  2895 | Ossuary  | Gained mutation: When seriously injured, your blood forms
                  | armour. (AC +9) [demonic ancestry]
  2895 | Ossuary  | Reached XP level 7. HP: 51/51 MP: 7/7
  2905 | Ossuary  | Gained mutation: You possess an exceptional clarity of
                  | mind. [hidden potential]
  2905 | Ossuary  | Lost mutation: You have hidden genetic potential. [hidden
                  | potential expressed]
  3115 | Ossuary  | Reached skill level 4 in Long Blades
  3284 | Ossuary  | Reached skill level 1 in Shields
  3312 | Ossuary  | Reached XP level 8. HP: 58/58 MP: 8/8
  3343 | Ossuary  | Reached skill level 5 in Long Blades
  4142 | D:5      | Entered Level 5 of the Dungeon
  4171 | D:5      | Reached skill level 6 in Long Blades
  4412 | D:5      | Found Joucw's Weapon Emporium.
  4420 | D:5      | Bought 6 curare-tipped darts for 86 gold pieces
  4546 | D:5      | Reached XP level 9. HP: 66/66 MP: 9/9
  5481 | D:6      | Reached skill level 5 in Armour
  5621 | D:6      | Reached skill level 7 in Long Blades
  5687 | D:6      | Noticed Pikel
  5708 | D:6      | Killed Pikel
  5709 | D:6      | Reached skill level 5 in Throwing
  6302 | D:7      | Reached skill level 5 in Fighting
  6660 | D:7      | Found a staircase to the Ecumenical Temple.
  6690 | Temple   | Entered the Ecumenical Temple
  6729 | Temple   | Became a worshipper of Gozag Ym Sagoz the Greedy
  6935 | D:7      | Found a radiant altar of Vehumet.
  6944 | D:7      | Found an ancient bone altar of Kikubaaqudgha.
  6959 | D:7      | Found a shimmering blue altar of Sif Muna.
  7042 | D:7      | Gained mutation: You have hoof-like feet. [demonic
                  | ancestry]
  7042 | D:7      | Reached XP level 10. HP: 56/74 MP: 10/10
  7311 | D:7      | Found a stormy altar of Qazlal.
  7311 | D:7      | Found a shadowy altar of Dithmenos.
  7977 | D:1      | Bought a scroll of magic mapping for 82 gold pieces
  7977 | D:1      | Bought a scroll of fear for 44 gold pieces
  7977 | D:1      | Bought a scroll of amnesia for 44 gold pieces
  8136 | D:8      | Reached skill level 8 in Long Blades
  8196 | D:8      | Reached skill level 5 in Stealth
  8800 | D:8      | Noticed a two-headed ogre
  8806 | D:8      | Killed a two-headed ogre
  9308 | D:9      | Noticed a gargoyle
  9433 | D:9      | Noticed a cyclops
  9437 | D:9      | Noticed a centaur warrior
  9437 | D:9      | Noticed a tengu warrior
  9463 | D:9      | Killed a centaur warrior
  9466 | D:9      | Killed a cyclops
  9467 | D:9      | Reached skill level 9 in Long Blades
  9527 | D:9      | Killed a tengu warrior
  9572 | D:9      | Gained mutation: When seriously injured, your blood forms
                  | thick armour. (AC +9) [demonic ancestry]
  9572 | D:9      | Reached XP level 11. HP: 28/83 MP: 11/11
  9922 | D:9      | Identified the staff of poison "Mieh Ifuyb" {rPois rF+
                  | Int+2}
  9988 | D:9      | Found Ezynov's Antique Weapon Shoppe.
  9996 | D:9      | Bought a polished short sword for 312 gold pieces
  9996 | D:9      | Identified the +4 short sword of the Onslaught {elec, Str+6
                  | Int+5 Dex-3} (You bought it in a shop on level 9 of the
                  | Dungeon)
  9998 | D:9      | Found a transporter.
  9999 | D:9      | Noticed Azuvok's ghost (novice MiFi)
 10113 | D:9      | Found a shimmering altar of Xom.
 10118 | D:9      | Found an iron altar of Okawaru.
 10122 | D:9      | Found a broken altar of Ashenzari.
 10189 | D:9      | Found a transporter.
 10522 | D:9      | Noticed a seven-headed hydra
 10524 | D:10     | Entered Level 10 of the Dungeon
 10618 | D:10     | Found a flagged portal.
 10645 | Bailey   | Entered a bailey
 10955 | Bailey   | Noticed an orc knight
 11004 | Bailey   | Killed an orc knight
 11005 | Bailey   | Reached skill level 10 in Long Blades
 11097 | Bailey   | Noticed an orc warlord
 11142 | Bailey   | Killed an orc warlord
 11246 | Bailey   | Identified the +5 sling of Disorder {freeze, rF++ Str-3
                  | Dex+3}
 11442 | D:10     | Noticed Erolcha
 11454 | D:10     | Killed Erolcha
 11497 | D:10     | Noticed Gastronok
 11516 | D:10     | Killed Gastronok
 11687 | D:10     | Paralysed by a hornet for 1 turns
 11789 | D:10     | Found a staircase to the Lair.
 12159 | Lair:1   | Entered Level 1 of the Lair of Beasts
 12219 | Lair:1   | Noticed a death yak
 12219 | Lair:1   | Noticed a death yak
 12220 | Lair:1   | Noticed a death yak
 12221 | Lair:1   | Noticed a death yak
 12221 | Lair:1   | Noticed a death yak
 12263 | Lair:1   | Killed a death yak
 12264 | Lair:1   | Gained mutation: You punish those that try to bend your
                  | will. (Will+) [demonic ancestry]
 12264 | Lair:1   | Reached XP level 12. HP: 55/91 MP: 12/12
 12265 | Lair:1   | Killed a death yak
 12266 | Lair:1   | Reached skill level 11 in Long Blades
 12417 | Lair:1   | Noticed a death yak
 12434 | Lair:1   | Killed a death yak
 12440 | Lair:1   | Killed a death yak
 12454 | Lair:1   | Killed a death yak
 12455 | Lair:1   | Killed a death yak
 12614 | Lair:1   | Found a hide-covered altar of Uskayaw.
 13637 | Lair:2   | Noticed an eight-headed hydra
 13638 | Lair:2   | Reached skill level 5 in Poison Magic
 13638 | Lair:2   | Reached XP level 13. HP: 84/98 MP: 19/19
 13928 | D:11     | Noticed Erica
 13942 | D:11     | Killed Erica
 14414 | D:11     | Found a staircase to the Orcish Mines.
 14433 | D:11     | Noticed Fannar
 14447 | D:11     | Killed Fannar
 14673 | D:11     | Found a transporter.
 14674 | D:11     | Found a transporter.
 14879 | Lair:1   | Identified 2 scrolls of acquirement
 14881 | Lair:1   | Acquired the scarf of the Spheres {harm, rPois rC+ Str+4
                  | Stlth-}
 14896 | Lair:1   | Acquired 675 gold pieces
 14899 | Lair:1   | Bought a polished long sword for 246 gold pieces
 14899 | Lair:1   | Identified the +4 long sword "Awkiteur" {antimagic, rElec}
                  | (You bought it in a shop on level 1 of the Lair of Beasts)
 14906 | Lair:1   | Bought a masterwork great mace for 333 gold pieces
 14906 | Lair:1   | Identified the +2 great mace "Plog" {heavy, rN++ Will+}
                  | (You bought it in a shop on level 1 of the Lair of Beasts)
 14906 | Lair:1   | Bought an ebony glaive for 333 gold pieces
 14906 | Lair:1   | Identified the +6 glaive "Pequner" {holy, rCorr} (You
                  | bought it in a shop on level 1 of the Lair of Beasts)
 15878 | Lair:2   | Found a hole to the Spider Nest.
 15887 | Lair:2   | Reached XP level 14. HP: 81/106 MP: 9/20
 16145 | Lair:2   | Reached skill level 5 in Shields
 16583 | Lair:2   | Bought a pair of slimy gloves for 361 gold pieces
 16583 | Lair:2   | Identified the +0 pair of gloves of Vlad {rF++ Str-3
                  | Slay+2} (You bought it in a shop on level 2 of the Lair of
                  | Beasts)
 16598 | Lair:2   | Bought a runed helmet for 285 gold pieces
 16848 | Lair:3   | Reached skill level 12 in Long Blades
 17050 | Lair:3   | Found a staircase to the Swamp.
 17114 | Lair:3   | Found a dark tunnel.
 17141 | Volcano  | Entered a volcano
 17159 | Volcano  | Reached skill level 5 in Dodging
 17421 | Volcano  | Noticed a stone giant
 17429 | Volcano  | Killed a stone giant
 17621 | Volcano  | Found a burning altar of Makhleb.
 18029 | Lair:3   | Reached skill level 1 in Transmutations
 18846 | Lair:4   | You fall into a shaft and drop 1 floor!
 18846 | Lair:5   | Entered Level 5 of the Lair of Beasts
 18905 | Lair:5   | Reached skill level 5 in Spellcasting
 19448 | Lair:5   | Reached skill level 10 in Fighting
 19786 | Lair:5   | Reached skill level 10 in Armour
 20437 | Lair:5   | Reached skill level 5 in Transmutations
 20587 | Lair:5   | Gained mutation: You are resistant to unholy torment.
                  | [demonic ancestry]
 20587 | Lair:5   | Reached XP level 15. HP: 73/117 MP: 22/22
 20793 | Lair:5   | Reached skill level 13 in Long Blades
 20913 | Lair:5   | Got the Discourse on Combined Cryomancy
 20918 | Lair:5   | Learned a level 1 spell: Summon Small Mammal
 21240 | Lair:4   | Found a viscous altar of Jiyva.
 21240 | Lair:4   | Found a staircase to the Slime Pits.
 21254 | Lair:4   | Noticed Kirke
 21261 | Lair:4   | Killed Kirke
 21262 | Lair:4   | Reached skill level 1 in Summonings
 21793 | Lair:4   | Noticed Urug
 21799 | Lair:4   | Killed Urug
 22409 | Orc:1    | Entered Level 1 of the Orcish Mines
 22446 | Orc:1    | Reached skill level 1 in Axes
 23050 | Orc:2    | Entered Level 2 of the Orcish Mines
 23233 | Orc:2    | Found Esuode's Antique Weapon Boutique.
 23531 | Orc:1    | Reached skill level 5 in Axes
 24001 | Orc:2    | Found Ymputz's Armour Boutique.
 24002 | Orc:2    | Found Vehat's Antique Armour Emporium.
 24035 | Orc:2    | Bought the +2 shield of Resistance {rF++ rC++ Will++} for
                  | 846 gold pieces
 24035 | Orc:2    | Found the +2 shield of Resistance {rF++ rC++ Will++}
 24050 | Orc:2    | Found Raho's Assorted Antiques.
 24053 | Orc:2    | Bought a brightly glowing chain mail for 285 gold pieces
 24053 | Orc:2    | Identified the +1 chain mail of the Enchanted Forest {Harm
                  | *Slow rElec rC-} (You bought it in a shop on level 2 of the
                  | Orcish Mines)
 24059 | Orc:2    | Bought 2 potions of haste for 600 gold pieces
 24059 | Orc:2    | Bought a potion of haste for 300 gold pieces
 24059 | Orc:2    | Bought a white potion for 27 gold pieces
 24059 | Orc:2    | Bought a crystal broad axe for 270 gold pieces
 24059 | Orc:2    | Identified the +6 broad axe "Ecento" {spect, Stlth+} (You
                  | bought it in a shop on level 2 of the Orcish Mines)
 24059 | Orc:2    | Bought a scroll of identify for 60 gold pieces
 24160 | Orc:2    | Found Xiupsaewk's Antique Armour Shop.
 24216 | Orc:2    | Found a staircase to the Elven Halls.
 24414 | Spider:1 | Entered Level 1 of the Spider Nest
 24586 | Spider:1 | Found a frozen archway.
 24627 | IceCv    | Entered an ice cave
 25095 | IceCv    | Identified the +11 rapier of the Shallot {pain, rN++}
 25693 | IceCv    | Found an ancient bone altar of Kikubaaqudgha.
 25718 | IceCv    | Gained mutation: You have hooves in place of feet. [demonic
                  | ancestry]
 25718 | IceCv    | Reached XP level 16. HP: 32/120 MP: 23/23
 26001 | IceCv    | Found the +8 frozen axe "Frostbite" {freeze, freezing
                  | cloud, *Noise Fly rC+}
 26105 | IceCv    | Noticed a lich
 26118 | IceCv    | Killed a lich
 27814 | Spider:2 | Reached skill level 1 in Necromancy
 28037 | Spider:2 | Noticed Arachne
 28053 | Spider:2 | Killed Arachne
 29045 | Spider:2 | Noticed Agnes
 29048 | Spider:2 | Killed Agnes
 29662 | Spider:3 | Blown up by an orb spider

Illustrated notes

Levels and vault maps discovered:
D:1:      scummos_arrival_simple_crosswalls, layout_rooms, serial_shops, shop
D:2:      layout_rooms, basic_altar, corexii_hall_statues_l,
          lightli_corner_chamber, uniq_terence
D:3:      layout_loops_ring, basic_ecumenical_altar, uniq_jessica
D:4:      layout_basic, nicolae_ossuary_entry_false_entrances, serial_shops,
          nicolae_square_shop, dreamdust_princess_corridor, uniq_duvessa
D:5:      minmay_inner_zag, layout_basic, serial_shops, shop,
          corexii_item_surrounded_by_moat
D:6:      layout_cave_pods, uniq_pikel
D:7:      layout_basic, palyth_temple_overflow_mages,
          amethyst_overflow_temple_binary, minmay_temple_entry_glassed_door,
          uniq_crazy_yiuf_cottage
D:8:      layout_loops_cross
D:9:      layout_irregular_city, minitemple, serial_shops, shop,
          gammafunk_ghost_berserking_beasts, minmay_radiant
D:10:     layout_roguey, erik_lair_orcish_takeover, enter_bailey_2,
          glass_columns_c, hangedman_decor_opposing, kennysheep_doodads,
          minivault_4, uniq_gastronok, uniq_erolcha
D:11:     gammafunk_boulding_lane, layout_rooms, orc_0_dummy, minmay_holes,
          minmay_large_rounded_square, uniq_erica, uniq_fannar
Temple:   nicolae_temple_bog_church
Lair:1:   layout_chaotic_city, basic_altar
Lair:2:   layout_loops_ring, spider_nest_entry_a, bobbens_dragon_lair_wall
Lair:3:   nzn_winding_woodlands_cross [nzn_winding_woodlands_5x15_parted,
          nzn_winding_woodlands_5x15_default,
          nzn_winding_woodlands_5x15_sidewinder,
          nzn_winding_woodlands_5x15_twine,
          nzn_winding_woodlands_15x15_eel_pit], layout_long_grid,
          minmay_swamp_entry_reptiles, nicolae_volcano_entry_lava_flow,
          nzn_random_ring
Lair:4:   layout_cave_pods, dpeg_slime_entry_enclosed, uniq_urug, uniq_kirke
Lair:5:   minmay_lair_end_frog_pond, layout_gridlike
Spider:1: layout_spider_delve, portal_ice_cave_entry_frozen_things,
          nicolae_spider_rock_and_or_roll
Spider:2: layout_chambers, uniq_agnes, uniq_arachne
Spider:3: layout_cave_pods
Orc:1:    layout_caves
Orc:2:    st_orc_open, layout_caves, serial_shops, nicolae_shop_waterfront,
          basic_altar

Skill      XL: |  1  2  3  4  5  6  7  8  9 10 11 12 13 14 15 16 |
---------------+-------------------------------------------------+-----
Stealth        | 4 5 |  5.7
Short Blades   | 2 3 |  3.0
Dodging        | 1 2 3 4 5 6 |  6.0
Throwing       | 2 3 5 6 7 8 |  8.7
Long Blades    | 1 2 3 4 6 7 9 10 11 12 13 | 13.2
Armour         | 2 3 4 5 7 8 9 10 11 | 11.1
Evocations     | 1 2 3 |  3.1
Fighting       | 3 4 5 6 7 8 10 11 | 11.5
Shields        | 1 2 4 6 7 8 |  8.5
Spellcasting   | 4 5 |  5.0
Poison Magic   | 5 |  5.0
Transmutations | 5 6 |  6.5
Summonings     | 4 |  4.4
Axes           | 7 9 |  9.4
Necromancy     | 3 |  3.2

Action                     |  1- 3 |  4- 6 |  7- 9 | 10-12 | 13-15 | 16-18 || total
---------------------------+-------+-------+-------+-------+-------+-------++-------
  Melee: Dagger            |   104 |       |       |       |       |       ||   104
         Long sword        |       |   118 |   314 |   400 |   209 |       ||  1041
         Kick              |       |    10 |   136 |   155 |   324 |    99 ||   724
         Short sword       |       |       |       |     2 |       |       ||     2
         Scimitar          |       |       |       |       |   332 |       ||   332
         Broad axe         |       |       |       |       |   215 |   198 ||   413
  Throw: Dart              |    13 |    22 |   102 |   104 |    57 |    12 ||   310
 Invoke: Call Merchant     |       |       |       |       |     2 |     1 ||     3
  Evoke: Wand              |       |     6 |       |    18 |     2 |     1 ||    27
         Condenser vane    |       |       |       |       |       |     1 ||     1
    Use: Potion            |       |     6 |       |     2 |     7 |     8 ||    23
         Scroll            |       |     3 |       |    14 |    10 |     2 ||    29
   Stab: Sleeping          |     4 |       |     2 |     2 |       |       ||     8
         Distracted        |       |       |       |     3 |     6 |     4 ||    13
 Armour: Robe              |    11 |       |       |       |       |       ||    11
         Chain mail        |    45 |       |       |       |       |       ||    45
         Plate armour      |     2 |   110 |   155 |       |   185 |   175 ||   627
         Skin              |     1 |       |       |       |       |       ||     1
         Scale mail        |       |       |    89 |   217 |   192 |       ||   498
  Dodge: Dodged            |    49 |    19 |    87 |   206 |   285 |    34 ||   680
  Block: Buckler           |       |    12 |    61 |   106 |   332 |       ||   511
         Reflection        |       |       |       |       |    12 |     1 ||    13
         Kite shield       |       |       |       |       |   142 |   212 ||   354

Table legend: (Time is in decaauts)
 A = Elapsed time spent in this place.
 B = Non-inter-level travel time spent in this place.
 C = Inter-level travel time spent in this place.
 D = Time resting spent in this place.
 E = Time spent auto-exploring this place.
 F = Levels seen in this place.
 G = Mean time per level.
                   A        B        C        D        E       F      G
               +--------+--------+--------+--------+--------+-----+--------+
         Total |  29684 |  28164 |   1520 |   4694 |  16945 |  26 | 1141.7 |
       Dungeon |  11803 |  10733 |   1070 |    972 |   7200 |  11 | 1073.0 |
        Temple |     56 |     40 |     16 |      0 |     19 |   1 |   56.0 |
          Lair |   8690 |   8338 |    352 |   1159 |   5557 |   5 | 1738.0 |
   Spider Nest |   3560 |   3509 |     51 |   1152 |   1639 |   3 | 1186.7 |
  Orcish Mines |   1790 |   1761 |     29 |    477 |    772 |   2 |  895.0 |
       Ossuary |    912 |    912 |      0 |    177 |    350 |   1 |  912.0 |
        Bailey |    628 |    628 |      0 |      0 |    336 |   1 |  628.0 |
      Ice Cave |   1735 |   1735 |      0 |    756 |    698 |   1 | 1735.0 |
       Volcano |    505 |    505 |      0 |      0 |    372 |   1 |  505.0 |
               +--------+--------+--------+--------+--------+-----+--------+

Top non-repeatable levels by time:
Spider:2: 2409 daAuts
  Lair:5: 2180 daAuts
  Lair:1: 1912 daAuts
   IceCv: 1735 daAuts
  Lair:3: 1701 daAuts
  Lair:2: 1651 daAuts
     D:7: 1630 daAuts
     D:9: 1278 daAuts
  Lair:4: 1245 daAuts
     D:8: 1140 daAuts
Spider:1: 1135 daAuts
    D:11: 1133 daAuts
     D:6: 1083 daAuts
    D:10: 1070 daAuts
     D:3: 1049 daAuts
